 Dungeon Crawl Stone Soup version 0.28-a0-612-gcfc00ec14d (webtiles) character file.

Game seed: 14022260156275117712

182 ryw the Skirmisher (level 5, -3/43 HPs)
             Began as a Demonspawn Gladiator on Oct 5, 2021.
             Slain by Edmund (6 damage)
             ... on level 4 of the Dungeon.
             The game lasted 00:06:49 (4113 turns).

ryw the Skirmisher (Demonspawn Gladiator)           Turns: 4113, Time: 00:06:50

Health: -3/43      AC: 10    Str: 12 (15) XL:     5   Next: 34%
Magic:  5/5        EV:  7    Int:  8 (10) God:
Gold:   99         SH: 11    Dex: 12 (14) Spells: 4/4 levels left

rFire   . . .      SeeInvis .   n - +4 dagger (flame)
rCold   . . .      Faith    .   m - +0 tower shield
rNeg    . . .      Spirit   .   a - +0 leather armour
rPois   .          Reflect  .   e - +0 helmet
rElec   .          Harm     .   (no cloak)
rCorr   .          Rampage  .   (no gloves)
Will    .....                   (no boots)
Stlth   +.........              (no amulet)
HPRegen 0.14/turn               (no ring)
MPRegen 0.09/turn               (no ring)

@: sanguine armoured, very slightly contaminated
A: powered by death 1, sanguine armour 1
a: no special abilities


You were on level 4 of the Dungeon.
You visited 1 branch of the dungeon, and saw 4 of its levels.

You collected 99 gold pieces.

Inventory:

Hand Weapons
 h - a +0 triple sword
 n - a +4 dagger of flaming (weapon)
Missiles
 c - 3 throwing nets
 g - 4 javelins (quivered)
 k - 3 atropa-tipped darts
Armour
 a - a +0 leather armour (worn)
 e - a +0 helmet (worn)
 m - a +0 tower shield (worn)
Jewellery
 p - a ring of magical power
Scrolls
 b - a scroll of fog
 d - 5 scrolls of identify
 f - a scroll of magic mapping
 i - 2 scrolls of teleportation {unknown}
 j - 2 scrolls of immolation {unknown}


   Skills:
 + Level 4.8 Fighting
 - Level 1.7 Throwing
 - Level 2.6 Dodging
 + Level 2.3 Shields
 - Level 2.6 Unarmed Combat


You had 4 spell levels left.
You didn't know any spells.
Your spell library contained the following spells:

 Spells                   Type           Power      Damage    Failure   Level
 Passwall                 Tmut/Erth      0%         N/A       100%        2
 Swiftness                Air            0%         N/A       100%        3
 Invisibility             Hex            0%         N/A       100%        6


Dungeon Overview and Level Annotations

Branches:
Dungeon (4/15)
 Temple: D:4-7

Altars:
Qazlal

Annotations:
D:4 Edmund, Menkaure


Innate Abilities, Weirdness & Mutations

You regenerate a little health from kills.
When seriously injured, your bleeding wounds create armour. (AC +6)


Message History

You hit Edmund but do no damage.
Edmund is lightly wounded.
You block Edmund's attack.
You hit Edmund but do no damage.
Edmund is lightly wounded.
Edmund closely misses you. Edmund barely misses you.
It was a potion of degeneration.
There was something very wrong with that liquid.
You feel weakened.
You feel dopey.
You feel clumsy.
Edmund hits you with a +2 flail of protection.
You hit Edmund but do no damage.
Edmund is lightly wounded.
Edmund barely misses you.
You hit Edmund but do no damage.
Edmund is lightly wounded.
Edmund says, "You wouldn't believe how much I paid for this flail."
You flicker for a moment.
You hit Edmund but do no damage.
Edmund is lightly wounded.
You block Edmund's attack.
You completely miss Edmund.
Edmund is lightly wounded.
Edmund hits you with a +2 flail of protection. x2
You hit Edmund. You burn Edmund.
Edmund is lightly wounded.
You flicker back into view.
Edmund hits you with a +2 flail of protection!
* * * LOW HITPOINT WARNING * * *
You hit Edmund but do no damage.
Edmund is lightly wounded.
You block Edmund's attack. Edmund hits you but does no damage.
You hit Edmund but do no damage.
Edmund is lightly wounded.
Edmund hits you with a +2 flail of protection!
* * * LOW HITPOINT WARNING * * *
Unknown command.
As you read the scroll labelled GEOSTIVIRGH, it crumbles to dust.
The scroll dissolves into smoke.
It was a scroll of fog.
Edmund hits you with a +2 flail of protection.
You die...

#.# 8.8 #.# ### ##.## ..##
8.8 #..############§#### #
##..##8##8##8##§##8##8##8##
#..'.........§§@@§.......+
#..##8##8##8##§##8##8##8##
###.###########§#### #
####...### 8.8 .........###
##.## ...........####.#
.............##.#
.<.(.........#8.8
.............#


You could see Edmund.

Vanquished Creatures
  A water moccasin skeleton (D:3)
  A hound skeleton (D:4)
  5 adders
  A worm (D:2)
  2 dart slugs
  2 orcs (D:3)
  5 ball pythons
  6 bats
  5 endoplasms
  4 giant cockroaches
  7 goblins
  8 hobgoblins
  6 quokkas
  5 frilled lizards
  5 kobolds
  6 rats
69 creatures vanquished.

Notes
Turn   | Place    | Note
-------+----------+-------------------------------------------
     0 | D:1      | ryw the Demonspawn Gladiator began the quest for the Orb.
     0 | D:1      | Reached XP level 1. HP: 16/16 MP: 1/1
   283 | D:1      | Gained mutation: When seriously injured, your bleeding
                  | wounds create armour. (AC +6) [demonic ancestry]
   283 | D:1      | Reached XP level 2. HP: 21/23 MP: 2/2
   388 | D:1      | Reached skill level 3 in Fighting
  1058 | D:1      | Gained mutation: You regenerate a little health from kills.
                  | [demonic ancestry]
  1058 | D:1      | Reached XP level 3. HP: 17/29 MP: 3/3
  1544 | D:2      | Reached skill level 4 in Fighting
  1597 | D:2      | Reached skill level 1 in Shields
  1597 | D:2      | Reached XP level 4. HP: 15/37 MP: 4/4
  2723 | D:3      | Reached XP level 5. HP: 19/43 MP: 5/5
  3094 | D:3      | Found a faded altar of an unknown god.
  3709 | D:4      | Noticed Menkaure
  3751 | D:4      | Found a stormy altar of Qazlal.
  4087 | D:4      | Noticed Edmund
  4113 | D:4      | Slain by Edmund

Illustrated notes

Levels and vault maps discovered:
D:1:      amcnicky_arrival_abandoned_market, layout_rooms
D:2:      layout_basic, grunt_ministairs_2
D:3:      layout_loops_corners, shapermc_ecumenical_altar_flowoftime,
          minmay_ruptured
D:4:      layout_rooms, mainiacjoe_overflow_surrounded_room, dk_noncrumbling_2,
          uniq_edmund, uniq_menkaure

Skill      XL: |  1  2  3  4 |
---------------+-------------+-----
Fighting       | 3 4 |  4.8
Shields        | 1 2 |  2.3
Throwing       | |  1.7
Dodging        | |  2.6
Unarmed Combat | |  2.6

Action                   |  1- 3 |  4- 6 || total
-------------------------+-------+-------++-------
Melee: Unarmed           |   173 |   125 ||   298
       Dagger            |       |    40 ||    40
Throw: Javelin           |     2 |       ||     2
  Use: Scroll            |     5 |     1 ||     6
       Potion            |       |     3 ||     3
 Stab: Distracted        |     1 |       ||     1
       Sleeping          |       |     2 ||     2
Armor: Leather armour    |    80 |    40 ||   120
Dodge: Dodged            |   114 |    36 ||   150
Block: Tower shield      |    45 |   102 ||   147

Table legend: (Time is in decaauts)
 A = Elapsed time spent in this place.
 B = Non-inter-level travel time spent in this place.
 C = Inter-level travel time spent in this place.
 D = Time resting spent in this place.
 E = Time spent auto-exploring this place.
 F = Levels seen in this place.
 G = Mean time per level.
                   A        B        C        D        E       F      G
               +--------+--------+--------+--------+--------+-----+--------+
         Total |   4210 |   4070 |    140 |    819 |   2404 |   4 | 1052.5 |
       Dungeon |   4210 |   4070 |    140 |    819 |   2404 |   4 | 1052.5 |
               +--------+--------+--------+--------+--------+-----+--------+

Top non-repeatable levels by time:
     D:3: 1345 daAuts
     D:2: 1311 daAuts
     D:1: 1181 daAuts
     D:4: 371 daAuts
